 Dungeon Crawl Stone Soup version 0.28.0-53-g5a82cb258f (webtiles) character file.

Game seed: 17519253625066765821

35 Zeld the Gusty (level 3, -5/19 HPs)
             Began as a Tengu Air Elementalist on June 15, 2022.
             Slain by a phantom (9 damage)
             ... on level 4 of the Dungeon.
             The game lasted 00:01:41 (1201 turns).

Zeld the Gusty (Tengu Air Elementalist)             Turns: 1201, Time: 00:01:42

Health: -5/19      AC:  2    Str:  8    XL:     3   Next: 35%
Magic:  2/7        EV: 12    Int: 17    God:
Gold:   79         SH:  0    Dex: 14    Spells: 1/7 levels left

rFire   . . .      SeeInvis .   (no weapon)
rCold   . . .      Faith    .   (no shield)
rNeg    . . .      Spirit   .   a - +0 robe
rPois   .          Reflect  .   (helmet restricted)
rElec   .          Harm     .   (no cloak)
rCorr   .          Rampage  .   (no gloves)
Will    .....                   (boots unavailable)
Stlth   ++........              (no amulet)
HPRegen 0.06/turn               (no ring)
MPRegen 0.10/turn               (no ring)

@: swift, quick
A: beak, talons 3
a: no special abilities


You were on level 4 of the Dungeon.
You visited 1 branch of the dungeon, and saw 4 of its levels.

You collected 79 gold pieces.

Inventory:

Armour
 a - a +0 robe (worn)
Scrolls
 b - a scroll of identify {unknown}
 c - a scroll of torment {unknown}
Potions
 d - a potion of might {unknown}


   Skills:
 - Level 2.1 Dodging
 - Level 2.0 Stealth
 * Level 2.6 Spellcasting
 + Level 2.2 Conjurations
 * Level 4.8 Air Magic


You had one spell level left.
You knew the following spells:

 Your Spells              Type           Power      Damage    Failure   Level
a - Shock                 Conj/Air       56%        1d6       4%          1
b - Static Discharge      Conj/Air       14%        N/A       6%          2
c - Swiftness             Air            18%        N/A       8%          3

Your spell library contained the following spells:

 Spells                   Type           Power      Damage    Failure   Level
 Airstrike                Air            9%         N/A       26%         4


Dungeon Overview and Level Annotations

Branches:
Dungeon (4/15)
 Temple: D:4-7

Altars:

Annotations:
D:4 1 transporter


Innate Abilities, Weirdness & Mutations

You have a beak for a mouth.
You have claws for feet.


Message History

The zap hits the ball python.
You kill the ball python!
You can't see any susceptible monsters within range! (Use Z to cast anyway.) Magic restored.
A phantom comes into view.
You have 79 gold pieces.
The zap misses the phantom.
The zap hits the phantom but does no damage.
The zap hits the phantom but does no damage.
The zap hits the phantom.
The phantom is lightly damaged.
The zap misses the phantom.
There is a stone staircase leading up here.
You climb upwards.
There is a stone staircase leading down here.
You start resting.
Magic restored.
You climb downwards.
The phantom hits you.
The phantom blinks!
You blink.
The phantom completely misses you.
Casting: Shock (safe; 4% risk of failure)
Confirm with . or Enter, or press ? or * to list all spells.
The phantom is struck by an arc of lightning.
The phantom is lightly damaged.
You are struck by an arc of lightning.
The lightning grounds out.
The phantom hits you.
Unknown command.
Casting: Static Discharge (safe; 6% risk of failure)
Confirm with . or Enter, or press ? or * to list all spells.
The phantom is struck by an arc of lightning.
The phantom is moderately damaged.
You are struck by an arc of lightning.
The lightning grounds out.
The phantom hits you.
* * * LOW HITPOINT WARNING * * *
The phantom blinks!
You blink.
Found a stone staircase leading up.
Found a transporter.
Casting: Static Discharge (safe; 6% risk of failure)
Confirm with . or Enter, or press ? or * to list all spells.
The spell is extremely dangerous to miscast (8% risk of failure)!
Continue anyway?
You feel quick. The phantom hits you!
You die...

##.##......... .
##.†#........# .#
###...##......##..#
#####.#..#.............
###..##....#...#.........
##.<.......##..###........
#...§.###.....###.........
#......#.....##.W.........
#........#..##.@.#........
##..###..##......#........
##.# #####...............
### #...............
....#.##.......##
#....#..#........
#.....#.........
#......#.##.#....
#.......## .....


You could see a phantom.

Vanquished Creatures
  2 adders (D:2)
  2 bats
  2 endoplasms (D:1)
  A giant cockroach (D:2)
  A goblin (D:1)
  A hobgoblin (D:1)
  4 ball pythons
  A frilled lizard (D:1)
  2 rats
16 creatures vanquished.

Notes
Turn   | Place    | Note
-------+----------+-------------------------------------------
     0 | D:1      | Zeld the Tengu Air Elementalist began the quest for the
                  | Orb.
     0 | D:1      | Reached XP level 1. HP: 10/10 MP: 4/4
   267 | D:1      | Found a faded altar of an unknown god.
   376 | D:1      | Reached XP level 2. HP: 15/15 MP: 1/6
   379 | D:1      | Learned a level 2 spell: Static Discharge
   602 | D:2      | Reached XP level 3. HP: 4/19 MP: 0/7
   606 | D:2      | Learned a level 3 spell: Swiftness
  1124 | D:4      | Noticed a phantom
  1180 | D:4      | Found a transporter.
  1201 | D:4      | Slain by a phantom

Illustrated notes

Levels and vault maps discovered:
D:1:      dpeg_arrival_pits, layout_basic, basic_ecumenical_altar,
          kennysheep_decorative_pillar
D:2:      kennysheep_big_flooded_room, layout_loops_ring,
          kennysheep_generic_room_16, uniq_robin
D:3:      layout_rooms, nicolae_dithmenos_the_darkroom, xom_teletrap_fun,
          uniq_grinder
D:4:      layout_cave_pools, elyvilon_altar_3, gammafunk_ghost_smash,
          serial_shops, nicolae_stop_n_shop_2, uniq_sigmund

Skill      XL: |  1  2 |
---------------+-------+-----
Conjurations   | 2 |  2.2
Dodging        | |  2.1
Stealth        | |  2.0
Spellcasting   | |  2.6
Air Magic      | |  4.8

Action                   || total
-------------------------++-------
Melee: Unarmed           ||     2
       Kick              ||     1
 Cast: Shock             ||    35
       Static Discharge  ||     5
       Swiftness         ||     1
  Use: Potion            ||     1
Dodge: Dodged            ||    13
